 Dungeon Crawl Stone Soup version 0.30-a0-845-g7c6808c8ce (webtiles) character file.

Game seed: 8396613932572902539

107 Jossarian the Conjurer (level 5, -2/38 HPs)
             Began as a Meteoran Conjurer on Mar 3, 2023.
             Killed from afar by an orc wizard (4 damage)
             ... with a magic dart
             ... on level 6 of the Dungeon.
             The game lasted 00:14:08 (1494 turns).

Jossarian the Conjurer (Meteoran Conjurer)          Turns: 1494, Time: 00:14:08

Health: -2/38      AC:  2    Str:  8    XL:     5   Next: 33%
Magic:  11/11      EV: 27    Int: 21    God:
Gold:   122        SH:  0    Dex: 13    Spells: 8/11 levels left

rFire   . . .      SeeInvis .    d - +0 dagger
rCold   . . .      Faith    .    (no shield)
rNeg    . . .      Spirit   .    a - +0 robe
rPois   .          Reflect  .    (no helmet)
rElec   .          Rampage  .    (no cloak)
rCorr   .                        (no gloves)
Will    .....                    (no boots)
Stlth   +                        n - amulet of the acrobat
HPRegen 0.26/turn                (no ring)
MPRegen 0.12/turn                (no ring)

@: acrobatic, glowing
A: sense surroundings 1, otherworldly, glowing, explore regen
a: no special abilities


You were on level 6 of the Dungeon.
You visited 1 branch of the dungeon, and saw 5 of its levels.

You collected 122 gold pieces.

Inventory:

Hand Weapons
 d - a +0 dagger (weapon)
 k - a +0 dagger of venom
Missiles
 h - 12 stones
Armour
 a - a +0 robe (worn)
Jewellery
 n - an amulet of the acrobat (around neck)
Wands
 l - a wand of flame (30)
Scrolls
 g - 2 scrolls of teleportation
 m - a scroll of vulnerability {unknown}
 o - a scroll of magic mapping {unknown}
Potions
 c - 2 potions of curing {unknown}
 e - a potion of flight {unknown}
 f - a potion of lignification {unknown}
 i - a potion of degeneration {unknown}
 j - 2 potions of cancellation {unknown}


   Skills:
 + Level 2.6 Dodging
 + Level 1.5 Stealth
 + Level 3.7 Spellcasting
 + Level 6.6 Conjurations


You had 8 spell levels left.
You knew the following spells:

 Your Spells              Type           Power      Damage    Failure   Level
a - Magic Dart            Conj           100%       1d8       1%          1
b - Searing Ray           Conj           62%        2d6       1%          2

Your spell library contained the following spells:

 Spells                   Type           Power      Damage    Failure   Level
 Momentum Strike          Conj/Tloc      34%        3d8       4%          2
 Dazzling Flash           Conj/Hex       34%        N/A       10%         3
 Blink                    Tloc           6%         N/A       19%         2
 Lesser Beckoning         Tloc           6%         N/A       19%         2
 Fulminant Prism          Conj/Hex       8%         3d6       30%         4
 Iskenderun's Mystic Bla  Conj/Tloc      17%        2d5       30%         4


Dungeon Overview and Level Annotations

Branches:
Dungeon (6/15) Zot: 1500
 Temple: D:4-7

Altars:
Ashenzari

Shops:
D:3 *


Innate Abilities, Weirdness & Mutations

You passively map a small area around you.
You are easily found by Zot.
You glow in the dark.
You regain HP and MP as you explore.


Message History

Aim: an orc, wielding a +0 whip and wearing a +0 leather armour (79% to hit)
The searing ray hits the orc!
You kill the orc! (Press . to maintain the ray.)
Something hits you.
Deactivating autopickup; reactivate with Ctrl-A.
Casting: Searing Ray (safe; 1% risk of failure)
Confirm with . or Enter, or press ? or * to list all spells.
Okay, then.
Casting: Searing Ray (safe; 1% risk of failure)
Confirm with . or Enter, or press ? or * to list all spells.
Restarting spell: Searing Ray (safe; 1% risk of failure)
Press: ? - help, Shift-Dir - straight line The searing ray hits something. (Press . to maintain the ray.)
Something hits you. Something misses you.
You hear some strange, mumbled words.
A magic dart appears from out of thin air!
The magic dart hits you!
The searing ray hits something!
You finish channelling your searing ray.
You hear some strange, mumbled words.
You are confused.
Magic courses through your body. Something hits you.
* * * LOW HITPOINT WARNING * * *
You're too confused to cast spells.
You're too confused to cast spells.
You bump into the rock wall.
Something hits you.
* * * LOW HITPOINT WARNING * * *
You bump into the rock wall.
Something hits you.
* * * LOW HITPOINT WARNING * * *
You bump into the rock wall.
You feel less confused. Something hits you but does no damage.
Something hits you.
* * * LOW HITPOINT WARNING * * *
A magic dart appears from out of thin air!
The magic dart hits you.
You die...

#### ### * * ,, , ...
, ..#, * , * *#.###
#.# * ,
*##.####.#.###.#,* *
*
.........#.##.#,#####
*
##.####.###.#.#......
* ##.##.###)##
##....#
........<{.###.....#
##.########@#.###..#
######.####..# , ,
#.........#..#*
#......##†#...
#......##<#.... , , ,
, #.....###.###.## ,
, * #.....###.# * *
###.......# , * * ,
#########


There were no monsters in sight!

Vanquished Creatures
  Jessica (D:2)
  An orc wizard (D:5)
  2 adders
  An ufetubus (D:6)
  2 dart slugs
  An orc (D:6)
  A ball python (D:1)
  2 endoplasms (D:2)
  2 goblins (D:1)
  A hobgoblin (D:1)
  2 jackals (D:1)
  3 kobolds
  2 quokkas (D:1)
  3 bats
  2 frilled lizards (D:2)
  4 rats
30 creatures vanquished.

Notes
Turn   | Place    | Note
-------+----------+-------------------------------------------
     0 | D:1      | Jossarian the Meteoran Conjurer began the quest for the
                  | Orb.
     0 | D:1      | Reached XP level 1. HP: 14/14 MP: 5/5
    93 | D:1      | Reached skill level 5 in Conjurations
   162 | D:1      | Reached XP level 2. HP: 20/20 MP: 4/6
   397 | D:1      | Learned a level 2 spell: Searing Ray
   500 | D:1      | Glimpsed the power of Zot.
   519 | D:2      | Noticed Jessica
   740 | D:1      | Reached XP level 3. HP: 23/26 MP: 1/8
  1098 | D:2      | Glimpsed the power of Zot.
  1124 | D:2      | Killed Jessica
  1125 | D:2      | Reached skill level 6 in Conjurations
  1125 | D:2      | Reached XP level 4. HP: 33/33 MP: 5/10
  1147 | D:2      | Glimpsed the power of Zot.
  1187 | D:2      | Glimpsed the power of Zot.
  1290 | D:3      | Found a broken altar of Ashenzari.
  1360 | D:3      | Found Timnoic's General Store.
  1378 | D:3      | You fall into a shaft and drop 3 floors!
  1385 | D:5      | Entered Level 5 of the Dungeon
  1475 | D:5      | Reached XP level 5. HP: 38/38 MP: 5/11
  1494 | D:6      | Killed from afar by an orc wizard

Illustrated notes

Levels and vault maps discovered:
D:1:      beargit_arrival_diablo_church, layout_basic
D:2:      layout_loops_ring, serial_shops, nicolae_shop_hallway_plus,
          uniq_crazy_yiuf_cottage, uniq_jessica
D:3:      layout_basic, nicolae_overflow_crystal_walls,
          dreamdust_ecumenical_altar_hidden_monk_grotto, serial_shops,
          nicolae_shop_advertising_works [nicolae_subvault_shop_adworks],
          uniq_ijyb
D:5:      layout_gridville, enter_ossuary_5, gammafunk_ghost_stat_death,
          corexii_leaking_fountain, uniq_eustachio
D:6:      layout_loops_cross, zin_scriptorium, minmay_temple_entry_poolview,
          serial_shops, nicolae_shop_hallway_plus

Skill      XL: |  1  2  3 |
---------------+----------+-----
Conjurations   | 5 6 |  6.6
Spellcasting   | 3 |  3.7
Dodging        | |  2.6
Stealth        | |  1.5

Action                     |  1- 3 |  4- 6 || total
---------------------------+-------+-------++-------
   Cast: Magic Dart        |    35 |     1 ||    36
         Searing Ray       |     4 |     7 ||    11
    Use: Scroll            |     2 |       ||     2
         Potion            |       |     1 ||     1
 Armour: Robe              |     2 |     2 ||     4
  Dodge: Dodged            |     2 |     5 ||     7

Table legend: (Time is in decaauts)
 A = Elapsed time spent in this place.
 B = Non-inter-level travel time spent in this place.
 C = Inter-level travel time spent in this place.
 D = Time resting spent in this place.
 E = Time spent auto-exploring this place.
 F = Levels seen in this place.
 G = Mean time per level.
                   A        B        C        D        E       F      G
               +--------+--------+--------+--------+--------+-----+--------+
         Total |   1498 |    643 |    855 |    389 |      0 |   5 |  299.6 |
       Dungeon |   1498 |    643 |    855 |    389 |      0 |   5 |  299.6 |
               +--------+--------+--------+--------+--------+-----+--------+

Top non-repeatable levels by time:
     D:1: 901 daAuts
     D:2: 299 daAuts
     D:3: 180 daAuts
     D:6: 103 daAuts
     D:5: 14 daAuts
